 Dungeon Crawl Stone Soup version 0.30-a0-800-g7c544603b3 (webtiles) character file.

Game seed: 17094993987773851223

679 hikkokomori the Shield-Bearer (level 7, -9/56 HPs)
             Began as a Formicid Fighter on Feb 23, 2023.
             Mangled by an ice beast (14 damage)
             ... on level 5 of the Dungeon.
             The game lasted 00:07:58 (3861 turns).

hikkokomori the Shield-Bearer (Formicid Fighter)    Turns: 3861, Time: 00:07:59

Health: -9/56      AC:  9    Str: 22    XL:     7   Next: 92%
Magic:  7/7        EV:  8    Int:  1    God:
Gold:   239        SH: 12    Dex: 26    Spells: 6/6 levels left

rFire   + . .      SeeInvis +    a - +0 war axe
rCold   . . .      Faith    .    l - +0 kite shield
rNeg    + + .      Spirit   .    b - +1 scale mail
rPois   +          Reflect  .    (helmet unavailable)
rElec   .          Harm     .    (no cloak)
rCorr   +          Rampage  .    (no gloves)
Will    .....                    u - +0 pair of boots
Stlth   +                        e - amulet of the acrobat
HPRegen 0.29/turn                k - ring "Ezina" {rF+ rN++ rCorr Int-5 Dex+9}
MPRegen 0.10/turn                r - ring of poison resistance

@: no status effects
A: permanent stasis, dig shafts and tunnels, antennae 3, four strong arms,
talons 1, agile 1, MP-powered wands
a: Dig, Shaft Self


You were on level 5 of the Dungeon.
You visited 1 branch of the dungeon, and saw 5 of its levels.

You collected 239 gold pieces.

Inventory:

Hand Weapons
 a - a +0 war axe (weapon)
Armour
 b - a +1 scale mail (worn)
 c - a +0 buckler
 l - a +0 kite shield (worn)
 u - a +0 pair of boots (worn)
Jewellery
 e - an amulet of the acrobat (around neck)
 k - the ring "Ezina" (left hand) {rF+ rN++ rCorr Int-5 Dex+9}
   (You found it on level 2 of the Dungeon)

   [ring of protection from fire]

   Int:       It affects your intelligence (-5).
   Dex:       It affects your dexterity (+9).
   rF:        It protects you from fire.
   rN:        It greatly protects you from negative energy.
   rCorr:     It protects you from acid and corrosion.
 r - a ring of poison resistance (right hand)
Scrolls
 f - 3 scrolls of identify
 i - a scroll of butterflies {unknown}
 j - 2 scrolls of magic mapping
 p - a scroll of enchant armour
 s - a scroll of fog
 t - a scroll of silence {unknown}
 v - a scroll of teleportation
Potions
 d - a potion of might
 g - a potion of heal wounds
 h - 3 potions of mutation
 m - 2 potions of invisibility {unknown}
 n - a potion of curing
 o - a potion of haste {unknown}
 q - a potion of flight {unknown}


   Skills:
 + Level 5.5 Fighting
 + Level 4.5 Axes
 - Level 5.1 Armour
 + Level 0.1 Dodging
 + Level 0.3 Stealth
 + Level 6.7 Shields


You had 6 spell levels left.
You didn't know any spells.
Your spell library contained the following spells:

 Spells                   Type           Power      Damage    Failure   Level
 Sting                    Tmut/Pois      0%         1d3       98%         1
 Ensorcelled Hibernation  Hex/Ice        0%         N/A       99%         2
 Passwall                 Tmut/Erth      0%         N/A       99%         2
 Poisonous Vapours        Pois/Air       0%         N/A       99%         2
 Tukima's Dance           Hex            0%         N/A       100%        3
 Olgreb's Toxic Radiance  Pois           0%         N/A       100%        4
 Passage of Golubria      Tloc           0%         N/A       100%        4
 Yara's Violent Unravell  Hex/Tmut       0%         3d3       100%        5
 Swiftness                Air            Unusable   N/A       N/A         3

Dungeon Overview and Level Annotations

Branches:
Dungeon (5/15)
 Temple: D:4-7

Altars:

Shops:
D:1 ***


Innate Abilities, Weirdness & Mutations

You cannot be hasted, slowed, berserked, paralysed or teleported.
You can dig through walls and to a lower floor.
You have a pair of large antennae on your head. (SInv)
Your four strong arms can wield two-handed weapons with a shield.
You have sharp toenails.
You are agile. (Dex +4, Str/Int -1)
You expend magic power (3 MP) to strengthen your wands.


Message History

The ice beast completely misses you.
You barely miss the iguana.
The iguana is severely wounded.
You hit the ice beast. The ice beast hits you. The ice beast freezes you!
* * * LOW HITPOINT WARNING * * *
You block the iguana's attack.
You barely miss the iguana.
The iguana is severely wounded.
You closely miss the ice beast. The ice beast closely misses you.
The iguana bites you but does no damage.
You slash the iguana!
You kill the iguana!
You barely miss the ice beast. You block the ice beast's attack.
The ice beast hits you but does no damage.
You hit the ice beast.
The ice beast is moderately wounded.
The ice beast hits you but does no damage.
You hit the ice beast.
The ice beast is moderately wounded.
The ice beast hits you but does no damage. x2
You slash the ice beast!
The ice beast is severely wounded.
The ice beast hits you but does no damage.
You hit the ice beast.
The ice beast is almost dead.
The ice beast completely misses you.
You hit the ice beast but do no damage.
The ice beast is almost dead.
The ice beast hits you. The ice beast freezes you!
* * * LOW HITPOINT WARNING * * *
You block the ice beast's attack.
You hit the ice beast.
The ice beast is almost dead.
You block the ice beast's attack.
You hit the ice beast but do no damage.
The ice beast is almost dead.
The ice beast hits you.
* * * LOW HITPOINT WARNING * * *
The ice beast freezes you!
You die...

***,******#.....#####.#####...# #
,,,,,,,................># #.#.# #
,**,***##.##..#######.#.#####.###
,**,****#,*#..* #....#.....##
,,,,,,,,,,##..#######....#.#####
***,****,,...........).....#
,,,,*,**,*###.....###....###
,,,,,,,,,,#......Y###....##
********,,*,#...@)......§.#
,,,,,,,,,,#.....##......§.#
,********,#..###*#........#
,,,,,*,,,...,* *######'###**
,***,*,*,#**,***#......l§...# ,*
*,*,,,* *,,,,........§...#
,***,**,,* *****#..........?#
,,,,,**,,* #.........?.#
,,,,,,*,,*******#...........#


You could see an ice beast.

Vanquished Creatures
  An ogre (D:4)
  3 phantoms (D:4)
  A scorpion (D:4)
  2 wights
  An iguana (D:5)
  An orc wizard (D:4)
  Natasha (D:3)
  3 adders
  An adder zombie (D:2)
  A worm (D:2)
  5 dart slugs
  8 orcs
  8 ball pythons
  6 bats
  A bat skeleton (D:2)
  11 endoplasms
  A giant cockroach (D:4)
  5 goblins
  10 hobgoblins
  2 kobolds
  3 quokkas
  2 ball python zombies (D:2)
  2 frilled lizards
  A quokka skeleton (D:2)
  6 rats
86 creatures vanquished.

Vanquished Creatures (others)
  11 plants (D:5)
  2 withered plants (D:2)
13 creatures vanquished.

Grand Total: 99 creatures vanquished

Notes
Turn   | Place    | Note
-------+----------+-------------------------------------------
     0 | D:1      | hikkokomori the Formicid Fighter began the quest for the
                  | Orb.
     0 | D:1      | Reached XP level 1. HP: 18/18 MP: 1/1
    13 | D:1      | Found Fiyrphoi's General Store.
    35 | D:1      | Found Juzxaq's General Store.
    54 | D:1      | Reached XP level 2. HP: 23/24 MP: 2/2
   255 | D:1      | Found Hunlibb Keixt's Assorted Antiques.
   619 | D:1      | Reached XP level 3. HP: 29/29 MP: 3/3
  1121 | D:2      | Identified the ring "Ezina" {rF+ rN++ rCorr Int-5 Dex+9}
  1651 | D:3      | Reached XP level 4. HP: 37/37 MP: 4/4
  2065 | D:3      | Noticed Natasha
  2076 | D:3      | Killed Natasha
  2077 | D:3      | Reached skill level 5 in Shields
  2077 | D:3      | Reached XP level 5. HP: 28/42 MP: 5/5
  2489 | D:4      | Noticed a phantom
  2516 | D:4      | Killed a phantom
  2517 | D:4      | Reached XP level 6. HP: 20/49 MP: 6/6
  2682 | D:4      | Gained mutation: You have sharp toenails. [potion of
                  | mutation]
  2682 | D:4      | Gained mutation: You expend magic power (3 MP) to
                  | strengthen your wands. [potion of mutation]
  2682 | D:4      | Gained mutation: You are agile. (Dex +4, Str/Int -1)
                  | [potion of mutation]
  2686 | D:4      | You fall into a shaft and drop 1 floor!
  2686 | D:5      | Entered Level 5 of the Dungeon
  2986 | D:4      | Noticed an ogre
  3132 | D:4      | Reached skill level 6 in Shields
  3132 | D:4      | Reached XP level 7. HP: 54/55 MP: 7/7
  3242 | D:4      | Reached skill level 5 in Fighting
  3242 | D:4      | Reached skill level 5 in Armour
  3861 | D:5      | Mangled by an ice beast

Illustrated notes

Levels and vault maps discovered:
D:1:      tarquinn_simple_flora_water_a, layout_basic, serial_shops, shop,
          shop_statue, nicolae_shop_stone, minmay_misc_feat_five, nicolae_titane
D:2:      layout_basic, serial_undead, serial_undead_d, serial_undead_f,
          serial_undead_f, serial_undead_a
D:3:      layout_basic, uniq_natasha
D:4:      layout_rooms
D:5:      layout_basic, minmay_liquid_box, serial_bayou_lake_a

Skill      XL: |  1  2  3  4  5  6  7 |
---------------+----------------------+-----
Fighting       | 4 5 |  5.5
Armour         | 4 5 |  5.1
Axes           | 3 4 |  4.5
Shields        | 5 6 |  6.7
Dodging        | |  0.1
Stealth        | |  0.3

Action                     |  1- 3 |  4- 6 |  7- 9 || total
---------------------------+-------+-------+-------++-------
  Melee: War axe           |    86 |   110 |    50 ||   246
         Kick              |       |     5 |       ||     5
Ability: Shaft Self        |       |     1 |       ||     1
    Use: Potion            |       |     3 |     1 ||     4
         Scroll            |       |       |     4 ||     4
 Armour: Scale mail        |    40 |    38 |    19 ||    97
  Dodge: Dodged            |    46 |    50 |    16 ||   112
  Block: Buckler           |    28 |    40 |     1 ||    69
         Kite shield       |       |       |    39 ||    39

Table legend: (Time is in decaauts)
 A = Elapsed time spent in this place.
 B = Non-inter-level travel time spent in this place.
 C = Inter-level travel time spent in this place.
 D = Time resting spent in this place.
 E = Time spent auto-exploring this place.
 F = Levels seen in this place.
 G = Mean time per level.
                   A        B        C        D        E       F      G
               +--------+--------+--------+--------+--------+-----+--------+
         Total |   3957 |   3769 |    188 |    387 |   2537 |   5 |  791.4 |
       Dungeon |   3957 |   3769 |    188 |    387 |   2537 |   5 |  791.4 |
               +--------+--------+--------+--------+--------+-----+--------+

Top non-repeatable levels by time:
     D:4: 1023 daAuts
     D:3: 986 daAuts
     D:1: 862 daAuts
     D:2: 817 daAuts
     D:5: 267 daAuts
